 Dungeon Crawl Stone Soup version 0.20.0-8-g6b59dc7 (webtiles) character file.

15909 anfisbena the Severer (level 12, -13/106 HPs)
             Began as a Hill Orc Fighter on June 2, 2017.
             Was an Elder of Uskayaw.
             Mangled by Kirke (15 damage)
             ... on level 12 of the Dungeon.
             The game lasted 00:17:49 (14430 turns).

anfisbena the Severer (Hill Orc Fighter)           Turns: 14430, Time: 00:17:49

Health: -13/106    AC:  0    Str: 20    XL:     12   Next: 32%
Magic:  12/12      EV: 17    Int:  8    God:    Uskayaw [****..]
Gold:   662        SH:  0    Dex: 14    Spells: 11/11 levels left

rFire    . . .     SeeInvis .   (weapon currently unavailable)
rCold    . . .     Gourm    .   (shield currently unavailable)
rNeg     . . .     Faith    .   (armour currently unavailable)
rPois    .         Spirit   .   (helmet currently unavailable)
rElec    .         Reflect  .   (cloak currently unavailable)
rCorr    .         Harm     .   (gloves currently unavailable)
MR       .....                  (boots currently unavailable)
Stlth    +.........             (no amulet)
Regen    0.3/turn               (ring currently unavailable)
MPRegen  0.2/turn               (ring currently unavailable)

@: pig-form, studying 2 skills, very quick
A: no striking features
a: Stomp, Line Pass, Renounce Religion


You were on level 12 of the Dungeon.
You worshipped Uskayaw.
Uskayaw was noncommittal.
You were very hungry.
You were a filthy swine.
You visited 2 branches of the dungeon, and saw 13 of its levels.
You also visited: Sewer and Ossuary.

You collected 662 gold pieces.

Inventory:

Hand Weapons
 a - a +0 war axe (melded)
Armour
 b - a +0 scale mail (melded)
 k - a +2 pair of boots (melded)
 o - a cursed +0 pair of gloves (melded)
 r - a +0 large shield of cold resistance (melded)
 D - a +2 helmet of see invisible (melded)
Jewellery
 N - a +3 ring of evasion (melded)
 R - a +4 ring of dexterity (melded)
Wands
 z - a wand of disintegration (13/24)
 Q - a wand of disintegration (9/24)
Scrolls
 g - 4 scrolls of fog
 m - 4 scrolls of fear
 n - 2 scrolls of recharging
 u - a scroll of enchant weapon
 x - 2 scrolls of blinking
 y - 7 scrolls of teleportation
 A - a scroll of amnesia
 H - a scroll of identify
 I - 2 scrolls of enchant armour
 J - a scroll of silence
 K - a scroll of brand weapon {unknown}
 L - a scroll of torment {unknown}
 M - 4 scrolls of remove curse
 S - 2 scrolls of summoning {unknown}
Potions
 c - a potion of invisibility
 h - 4 potions of curing
 j - 6 potions of heal wounds
 s - a potion of haste
 t - a potion of agility {unknown}
 v - a potion of cancellation {unknown}
 w - a potion of resistance {unknown}
 C - 4 potions of flight
 E - a potion of berserk rage {unknown}
 O - 2 potions of brilliance
 P - a potion of might
 T - 2 potions of magic {unknown}
Books
 e - a book of Air

   Spells                             Type                      Level
   a - Shock                          Conjuration/Air              1
   b - Swiftness                      Charms/Air                   2
   c - Static Discharge               Conjuration/Air              3
   d - Airstrike                      Air                          4
   e - Lightning Bolt                 Conjuration/Air              5
 i - a manual of Staves
 q - a manual of Dodging
 B - a book of Maledictions

   Spells                             Type                      Level
   a - Corona                         Hexes                        1
   b - Ensorcelled Hibernation        Hexes/Ice                    2
   c - Confuse                        Hexes                        3
   d - Tukima's Dance                 Hexes                        3
   e - Dazzling Spray                 Conjuration/Hexes            3
 G - a book of Power

   Spells                             Type                      Level
   a - Iskenderun's Battlesphere      Conjuration/Charms           5
   b - Venom Bolt                     Conjuration/Poison           5
   c - Bolt of Magma                  Conjuration/Fire/Earth       5
   d - Iron Shot                      Conjuration/Earth            6
   e - Orb of Destruction             Conjuration                  7
   f - Spellforged Servitor           Conjuration/Summoning        7
Comestibles
 d - 2 fruits
 f - 5 bread rations
 l - 4 royal jellies
 p - 5 meat rations


   Skills:
 - Level 10.0 Fighting
 + Level 15.4 Axes
 - Level 10.0 Armour
 + Level 4.8 Dodging
 + Level 10.7 Shields


You had 11 spell levels left.
You didn't know any spells.

Dungeon Overview and Level Annotations

Branches:
Dungeon (12/15)            Temple (1/1) D:6            Lair (0/6) D:10
    Orc: D:9-12

Altars:
Ashenzari
Cheibriados
Dithmenos
Elyvilon
Fedhas
Gozag
Hepliaklqana
Kikubaaqudgha
Makhleb
Nemelex Xobeh
Okawaru
Qazlal
Ru
Sif Muna
Trog
Uskayaw
Vehumet
Xom
Yredelemnul
Zin
The Shining One

Shops:
D:5 ?}?*   D:9 (   D:10 *

Annotations:
D:7 exclusion: oklob plant
D:12 Kirke


Message History

You closely miss Kirke.
Kirke is severely wounded.
The harpy screeches!
Kirke hits you!!
* * * LOW HITPOINT WARNING * * *
The harpy barely misses you. The harpy misses you. Kirke misses you.
You hit Kirke.
Kirke is severely wounded.
The harpy claws you!
* * * LOW HITPOINT WARNING * * *
The harpy claws you!
* * * LOW HITPOINT WARNING * * *
The harpy closely misses you. The harpy claws you.
* * * LOW HITPOINT WARNING * * *
Kirke hits you.
* * * LOW HITPOINT WARNING * * *
You hit Kirke.
Kirke is severely wounded.
The harpy barely misses you. The harpy completely misses you. Kirke hits you!
You die...

................##
...................
.##.####....###### #.
###......# #
##.##########
#..#≈..##≈.# #
##.#.≈..#}≈#
..gh########.#.≈§..###
..ghhh@h.H...#.≈≈.§.##
..gh########.#.≈≈≈...#
. #.#..≈≈≈≈.#
#.#.§....≈#
#.'######## ####


You could see Kirke, a harpy, 5 hogs, a gnoll sergeant and 2 gnolls.

Vanquished Creatures
  A centaur warrior (D:12)
  4 two-headed ogres
  2 ugly things
  A cyclops (D:12)
  The ghost of Hasart the Covered, a novice DDFi of Makhleb (D:5)
  2 kobold demonologists (D:11)
  A freezing wraith (D:9)
  2 trolls
  Grinder (D:6)
  A hippogriff (D:8)
  12 yaks
  2 wyverns (D:10)
  2 hungry ghosts
  A hog (D:12)
  A vampire mosquito (D:9)
  4 fire bats (D:12)
  A hell hound (D:12)
  An acid dragon (D:10)
  Duvessa (D:6)
  2 hornet zombies
  4 orc warriors
  An ice beast (D:9)
  An eye of draining (D:9)
  A black bear (D:9)
  A necrophage (D:9)
  9 ogres
  A centaur (D:8)
  2 crocodiles (D:10)
  4 big kobolds
  Dowan (D:6)
  7 bullfrogs
  A wyvern skeleton (D:9)
  2 gnoll sergeants (D:9)
  12 scorpions
  A water moccasin skeleton (D:7)
  A wight (D:9)
  2 howler monkeys (D:9)
  2 bullfrog zombies
  2 crimson imps
  5 centaur zombies
  2 lava snakes (D:12)
  5 hounds
  2 human zombies (Ossuary)
  7 jellies
  A quasit (D:7)
  6 orc priests
  A gnoll shaman (D:9)
  3 bullfrog skeletons
  4 worker ants
  An iguana (D:7)
  Ijyb (D:5)
  11 orc wizards
  3 big kobold zombies (Ossuary)
  2 hound skeletons
  3 mummies (Ossuary)
  6 gnolls
  14 adders
  4 scorpion zombies (Ossuary)
  3 shadow imps
  15 oozes
  2 adder skeletons (D:6)
  5 worms
  10 leopard geckos
  53 orcs
  10 bats
  10 giant cockroaches
  A gnoll zombie (Ossuary)
  6 goblins
  7 hobgoblins
  20 jackals
  2 quokkas
  2 ball pythons (D:5)
  9 frilled lizards
  2 hobgoblin zombies (Ossuary)
  A jackal zombie (D:8)
  22 kobolds
  3 kobold zombies (Ossuary)
  A leopard gecko skeleton (D:5)
  A leopard gecko zombie (D:5)
  2 quokka skeletons
  A quokka zombie (D:5)
  7 rats
  2 fire vortices (D:12)
376 creatures vanquished.

Vanquished Creatures (others)
  A wyvern (D:10)
  A fire vortex (D:12)
  6 fungi (D:7)
8 creatures vanquished.

Grand Total: 384 creatures vanquished

Notes
Turn   | Place    | Note
-------+----------+-------------------------------------------
     0 | D:1      | anfisbena the Hill Orc Fighter began the quest for the Orb.
     0 | D:1      | Reached XP level 1. HP: 19/19 MP: 1/1
   138 | D:1      | Reached skill level 3 in Axes
   236 | D:1      | Reached XP level 2. HP: 27/27 MP: 2/2
   521 | D:1      | Reached XP level 3. HP: 33/33 MP: 3/3
  1059 | D:2      | Reached skill level 4 in Axes
  1195 | D:2      | Reached XP level 4. HP: 30/41 MP: 4/4
  1428 | D:2      | Reached skill level 5 in Fighting
  1624 | D:2      | Found a shimmering altar of Xom.
  1633 | D:2      | Found a radiant altar of Vehumet.
  1633 | D:2      | Found an opulent altar of Gozag.
  1635 | D:2      | Found a shimmering altar of Xom.
  1635 | D:2      | Found a blossoming altar of Fedhas.
  1635 | D:2      | Found a shadowy altar of Dithmenos.
  1808 | D:3      | Reached XP level 5. HP: 44/48 MP: 5/5
  1908 | D:3      | Found an iron altar of Okawaru.
  1961 | D:3      | Reached skill level 5 in Axes
  2337 | D:4      | Found a sacrificial altar of Ru.
  2579 | D:4      | Reached XP level 6. HP: 51/57 MP: 6/6
  3019 | D:4      | Reached skill level 6 in Axes
  3152 | D:5      | Entered Level 5 of the Dungeon
  3164 | D:5      | Noticed Ijyb
  3192 | D:5      | Killed Ijyb
  3252 | D:5      | Found Zoturizuav's Assorted Antiques.
  3273 | D:5      | Found a glowing drain.
  3299 | Sewer    | Entered a sewer
  4217 | D:5      | Found Plog's Magic Scroll Emporium.
  4220 | D:5      | Reached XP level 7. HP: 63/66 MP: 7/7
  4229 | D:5      | Noticed Hasart's ghost (novice DDFi)
  4233 | D:5      | Reached skill level 7 in Axes
  4239 | D:5      | Killed Hasart's ghost
  4239 | D:5      | Reached skill level 8 in Axes
  4492 | D:5      | Found Gusmilia's Gadget Emporium.
  4567 | D:5      | Found Ogaat's Magic Scroll Boutique.
  4591 | D:5      | Reached XP level 8. HP: 70/74 MP: 8/8
  5014 | D:6      | Noticed Dowan
  5015 | D:6      | Noticed Duvessa
  5033 | D:6      | Killed Duvessa
  5033 | D:6      | Reached skill level 9 in Axes
  5033 | D:6      | Killed Dowan
  5145 | D:6      | Noticed Grinder
  5154 | D:6      | Killed Grinder
  5367 | D:6      | Reached skill level 10 in Axes
  5583 | D:6      | Found a staircase to the Ecumenical Temple.
  5603 | Temple   | Entered the Ecumenical Temple
  6002 | D:7      | Reached skill level 10 in Fighting
  6090 | D:7      | Found a sparkling altar of Nemelex Xobeh.
  6101 | D:7      | Reached XP level 9. HP: 85/85 MP: 9/9
  6490 | D:7      | Reached skill level 11 in Axes
  6507 | D:7      | Noticed an oklob plant
  7181 | D:7      | Paralysed by fainting for 6 turns
  7638 | D:8      | Found a sand-covered staircase.
  7647 | Ossuary  | Entered an ossuary
  7888 | Ossuary  | Reached skill level 5 in Armour
  8169 | Ossuary  | Reached skill level 5 in Shields
  8367 | Ossuary  | Reached skill level 12 in Axes
  8753 | D:8      | Reached XP level 10. HP: 76/93 MP: 10/10
  9194 | D:8      | Found an opulent altar of Gozag.
  9943 | D:9      | Found a shadowy altar of Dithmenos.
 10193 | D:9      | Found a hide-covered altar of Uskayaw.
 10279 | D:9      | Became a worshipper of Uskayaw the Reveler
 10331 | D:9      | Reached * piety under Uskayaw
 10367 | D:9      | Reached ** piety under Uskayaw
 10381 | D:9      | Noticed a cyan ugly thing
 10382 | D:9      | Noticed a two-headed ogre
 10383 | D:9      | Reached *** piety under Uskayaw
 10393 | D:9      | Reached **** piety under Uskayaw
 10398 | D:9      | Reached ***** piety under Uskayaw
 10401 | D:9      | Killed a two-headed ogre
 10401 | D:9      | Reached skill level 13 in Axes
 10403 | D:9      | Reached ****** piety under Uskayaw
 10409 | D:9      | Killed a cyan ugly thing
 10956 | D:9      | Reached XP level 11. HP: 61/99 MP: 11/11
 10994 | D:9      | Noticed a two-headed ogre
 11000 | D:9      | Killed a two-headed ogre
 11402 | D:9      | Found Wimauc's Weapon Boutique.
 11655 | D:9      | Noticed a two-headed ogre
 11668 | D:9      | Killed a two-headed ogre
 11668 | D:9      | Reached skill level 14 in Axes
 11842 | D:10     | Entered Level 10 of the Dungeon
 11999 | D:10     | Found a staircase to the Lair.
 12291 | D:10     | Found Miwkeo's General Store.
 12331 | D:10     | Noticed a two-headed ogre
 12342 | D:10     | Killed a two-headed ogre
 12953 | D:11     | Noticed a cyan ugly thing
 12963 | D:11     | Reached skill level 10 in Armour
 12964 | D:11     | Noticed a soul eater
 12976 | D:11     | Killed a cyan ugly thing
 12976 | D:11     | Reached skill level 1 in Dodging
 12986 | D:11     | Reached skill level 10 in Shields
 13539 | D:11     | Reached skill level 15 in Axes
 13539 | D:11     | Reached XP level 12. HP: 93/106 MP: 12/12
 13876 | D:12     | Noticed a centaur warrior
 13886 | D:12     | Killed a centaur warrior
 14407 | D:12     | Noticed Kirke
 14429 | D:12     | HP: 5/106 [harpy[Kirke] (8)]
 14429 | D:12     | HP: 2/106 [Kirke (1)]
 14430 | D:12     | Mangled by Kirke

Skill      XL: |  1  2  3  4  5  6  7  8  9 10 11 12 |
---------------+-------------------------------------+-----
Axes           | 3 4 5 6 8 10 12 13 15 | 15.4
Fighting       | 4 5 6 7 8 10 | 10.0
Armour         | 6 8 10 | 10.0
Shields        | 5 8 10 | 10.7
Dodging        | 2 4 |  4.8

Action                   |  1- 3 |  4- 6 |  7- 9 | 10-12 || total
-------------------------+-------+-------+-------+-------++-------
Melee: War axe           |   102 |   220 |   419 |   599 ||  1340
       Unarmed           |       |       |       |     9 ||     9
  Use: Potion            |       |     1 |     1 |     2 ||     4
       Scroll            |       |       |       |    18 ||    18
 Stab: Paralysed         |       |       |       |    48 ||    48
  Eat: Chunk             |     1 |    10 |    11 |    18 ||    40
       Fruit             |       |     1 |     5 |     1 ||     7
       Royal jelly       |       |       |     1 |       ||     1
Armor: Scale mail        |    35 |   151 |   153 |   168 ||   507
Dodge: Dodged            |    32 |    73 |   104 |   167 ||   376
Block: Shield            |    48 |   123 |   173 |    62 ||   406
       Large shield      |       |       |       |   352 ||   352
